 Dungeon Crawl Stone Soup version 0.24-a0-284-g9fb9971df1 (webtiles) character file.

Game seed: 11069210452828371964

22292 Niddhogr the Tainter (level 13, -2/96 HPs)
             Began as a Formicid Venom Mage on May 5, 2019.
             Was an Initiate of Gozag.
             Killed from afar by an ice dragon (5 damage)
             ... with a blast of cold
             ... in an ice cave.
             The game lasted 01:11:09 (22540 turns).

Niddhogr the Tainter (Formicid Venom Mage)         Turns: 22540, Time: 01:11:10

Health: -2/96      AC: 10    Str: 18    XL:     13   Next: 26%
Magic:  27/27      EV: 13    Int: 18    God:    Gozag
Gold:   1220       SH:  0    Dex:  9    Spells: 13/32 levels left

rFire    + + .     SeeInvis +   l - +1 dagger (elec)
rCold    + + +     Gourm    .   (no shield)
rNeg     . . .     Faith    .   s - +2 robe {rC+ rF+} {rC+, rF+}
rPois    +         Spirit   .   (helmet unavailable)
rElec    +         Reflect  .   q - +0 cloak
rCorr    +         Harm     .   C - +0 pair of gloves
MR       +....                  F - +0 pair of boots
Stlth    ++........             (no amulet)
HPRegen  0.26/turn              I - ring of protection from cold
MPRegen  0.20/turn              (no ring)

@: mighty, resistant
A: permanent stasis, dig shafts and tunnels, four strong arms, antennae 3, fangs
1, talons 1, slimy green scales 1, clumsy 1, dopey 1, poison resistance
a: Dig, Shaft Self, Potion Petition, Call Merchant, Bribe Branch, Renounce
Religion


You were in an ice cave.
You worshipped Gozag.
Gozag was most pleased with you.
You were hungry.

You visited 2 branches of the dungeon, and saw 16 of its levels.
You also visited: Sewer and Ice Cave.

You collected 3376 gold pieces.
You spent 1386 gold pieces at shops.
You paid 770 gold pieces to Gozag.

Inventory:

Hand Weapons
 b - a +0 spear of freezing
 j - a +1 mace of draining
 l - a +1 dagger of electrocution (weapon)
 w - a +0 blowgun
 L - a +2 halberd
Missiles
 x - 23 poisoned needles
 A - 5 needles of frenzy
 D - 4 throwing nets {=f}
 K - 8 needles of paralysis
 Q - 189 arrows
Armour
 q - a +0 cloak (worn)
 s - a +2 robe of resistance (worn) {rC+, rF+}
 C - a +0 pair of gloves (worn)
 F - a +0 pair of boots (worn)
Jewellery
 I - a ring of protection from cold (left hand)
Scrolls
 f - a scroll of fog
 g - a scroll of immolation {!r}
 h - 6 scrolls of remove curse
 i - a scroll of brand weapon {unknown}
 m - a scroll of vulnerability {!r!r}
 u - 5 scrolls of enchant armour
 y - a scroll of fear {unknown}
 B - 3 scrolls of enchant weapon
 E - 2 scrolls of amnesia
 G - a scroll of noise {!r}
 J - a scroll of torment {!r}
 M - a scroll of blinking {unknown}
Potions
 a - a potion of haste {unknown}
 d - 3 potions of berserk rage {!q}
 e - 2 potions of cancellation
 k - 6 potions of flight
 n - a potion of ambrosia {unknown}
 o - a potion of magic {unknown}
 v - 5 potions of curing
 H - 2 potions of brilliance {unknown}
Comestibles
 c - 11 rations


   Skills:
 + Level 7.5 Fighting
 - Level 10.0 Polearms
 - Level 7.2 Armour
 - Level 3.6 Dodging
 - Level 2.4 Stealth
 - Level 10.0 Spellcasting
 - Level 0.8 Conjurations
 - Level 4.1 Hexes
 - Level 4.0 Charms
 - Level 10.3 Earth Magic
 - Level 10.3 Poison Magic


You had 13 spell levels left.
You knew the following spells:

 Your Spells              Type           Power        Failure   Level  Hunger
a - Lee's Rapid Deconstr  Erth           #####.....   3%          5    #####..
b - Poisonous Vapours     Pois/Air       ####..       1%          2    None
c - Olgreb's Toxic Radia  Pois           #####...     1%          4    ###....
w - Passwall              Tmut/Erth      ####....     1%          2    None
x - Mephitic Cloud        Conj/Pois/Air  ###.....     4%          3    None
z - Spectral Weapon       Hex/Chrm       ###.....     4%          3    None

Your spell library contained the following spells:

 Spells                   Type           Power        Failure   Level  Hunger
 Infusion                 Chrm           ###.         1%          1    None
 Sandblast                Erth           #####.       1%          1    None
 Sting                    Conj/Pois      ####         1%          1    None
 Song of Slaying          Chrm           ###.....     2%          2    None
 Spider Form              Tmut/Pois      ####......   2%          3    None
 Stone Arrow              Conj/Erth      ####..       2%          3    None
 Shroud of Golubria       Chrm/Tloc      ###.......   5%          2    None
 Animate Skeleton         Necr           N/A          8%          1    None
 Beastly Appendage        Tmut           #.....       8%          1    None
 Pain                     Necr           #...         8%          1    None
 Petrify                  Tmut/Erth      ####....     10%         4    ###....
 Regeneration             Chrm/Necr      ###.......   11%         3    None
 Sticks to Snakes         Tmut           #.......     12%         2    None
 Venom Bolt               Conj/Pois      ####......   22%         5    #####..
 Vampiric Draining        Necr           #.........   24%         3    None
 Animate Dead             Necr           N/A          61%         4    ###....
 Ice Form                 Ice/Tmut       #.......     61%         4    ###....
 Blade Hands              Tmut           #.........   91%         5    #####..


Dungeon Overview and Level Annotations

Branches:
Dungeon (15/15)            Temple (1/1) D:4            Lair (0/6) D:11
 Depths (0/5) D:15
    Orc: D:9-12      Vaults: D:13-14

Altars:
Fedhas
Gozag
Hepliaklqana
Nemelex Xobeh
Ru
Trog
Vehumet
Beogh

Shops:
D:6 :   D:10 !   D:15 *(*

Annotations:
D:13 1 exclusion


Innate Abilities, Weirdness & Mutations

You cannot be hasted, slowed, berserked, paralysed or teleported.
You can dig through walls and to a lower floor.
Your four strong arms can wield two-handed weapons with a shield.
You have a pair of large antennae on your head. (SInv)
You have very sharp teeth.
You have sharp toenails.
You are partially covered in slimy green scales. (AC +2)
You are clumsy. (Dex -2)
You are dopey. (Int -2)
Your system is resistant to poisons. (rPois)


Message History

* * * LOW HITPOINT WARNING * * *
The ice dragon barely misses you.
You take 4 damage, and have 22/96 hp.
You hit the ice dragon but do no damage.
Lightning courses through the ice dragon!
You bite the ice dragon. The ice dragon bites you.
* * * LOW HITPOINT WARNING * * *
The ice dragon misses you. The ice dragon closely misses you.
You take 5 damage, and have 17/96 hp.
You hit the ice dragon. The ice dragon bites you.
* * * LOW HITPOINT WARNING * * *
The ice dragon claws you!
* * * LOW HITPOINT WARNING * * *
The ice dragon tramples you but does no damage.
You take 14 damage, and have 3/96 hp.
You barely miss the ice dragon. The ice dragon breathes frost at you.
The blast of cold hits you. You resist.
You die...
Your body crumbles into a pile of gold.

##....## ##......##
#........#### ####
#...........#### ##..##
.........###...#####....##
..........##....##.......#
.............#.......∩.∩.##
............###D(.........##
#.........####..@.##....##.#
#........## ##.######..#####
##........# #.#.# ####
#.......## ##.## ##.....##
#..# #.....# ##.## ##..###
#..# ##.#.# ##.## #..###
#..#


You could see an ice dragon and a friendly spectral +1 dagger of electrocution.

Levels and vault maps discovered:
D:1:      doesnt_arrival_eight_statues, layout_loops_ring, fountainhead
D:2:      layout_basic
D:3:      kennysheep_goblin_castle, layout_basic, uniq_jessica
D:4:      layout_basic, minmay_temple_entry_water_ring, minmay_close_crescents,
          uniq_blork_the_orc
D:5:      layout_basic, fiery_altar_vehumet, first_ration, portal_sewer_entry_b
D:6:      layout_basic
D:7:      kennysheep_slugbush, layout_basic, basic_altar
D:8:      layout_loops_ring, grunt_ogre_cave, palyth_stone_intersect,
          trog_ov_bears_minmay
D:9:      layout_long_grid, fedhas_altar_decomposition
D:10:     layout_cave_pools, serial_shops, shop
D:11:     layout_loops_corners, lair_entry_dummy, chequers_serial_rivers_room_a
D:12:     layout_roguey [special_room_orc], zombieorc2_lemuel,
          solitary_fountain, kennysheep_donut, uniq_urug
D:13:     layout_long_grid, grunt_vaults_entry_fortified,
          portal_ice_cave_entry_animals_and_master, serial_shops, shop,
          drop_trap
D:14:     layout_loops_cross, minmay_misc_feat_secret_circle
D:15:     grunt_enter_depths_snipers, layout_rooms,
          hangedman_abyss_or_decor_clamps, serial_shops, shop, shop,
          shop_fountains
Temple:   minmay_crystal_snake_temple
IceCv:    ice_cave_small_dragons

Notes
Turn   | Place    | Note
-------+----------+-------------------------------------------
     0 | D:1      | Niddhogr the Formicid Venom Mage began the quest for the
                  | Orb.
     0 | D:1      | Reached XP level 1. HP: 13/13 MP: 3/3
    50 | D:1      | Identified a +0 club
    54 | D:1      | Identified a +0 short sword
   129 | D:1      | Reached XP level 2. HP: 16/19 MP: 1/5
   347 | D:1      | Reached skill level 5 in Poison Magic
   351 | D:1      | Learned a level 2 spell: Poisonous Vapours
   540 | D:1      | Identified a cursed -1 club
   571 | D:1      | Identified a cursed -3 club
   574 | D:1      | Identified a cursed -1 club
   576 | D:1      | Identified a +0 club
   583 | D:1      | Reached XP level 3. HP: 19/24 MP: 2/6
   594 | D:1      | Learned a level 3 spell: Mephitic Cloud
   778 | D:1      | Identified a cursed +0 club
   836 | D:1      | Identified a cursed +0 club
   952 | D:1      | Identified an amulet of the gourmand (You found it on level
                  | 1 of the Dungeon)
  1092 | D:1      | Identified a +0 club
  1355 | D:2      | Identified a +0 dagger
  1405 | D:2      | Reached skill level 6 in Poison Magic
  1508 | D:2      | Reached XP level 4. HP: 30/30 MP: 1/7
  1698 | D:2      | Identified a ring of attention (You found it on level 2 of
                  | the Dungeon)
  1772 | D:2      | Identified a +0 short sword
  1880 | D:2      | Identified a +0 short sword
  1884 | D:2      | Identified a +0 whip
  1975 | D:2      | Identified a +0 club
  2186 | D:2      | Reached skill level 7 in Poison Magic
  2231 | D:2      | Reached XP level 5. HP: 35/35 MP: 6/8
  2747 | D:3      | Identified a +0 flail
  2747 | D:3      | Identified a +0 whip
  2747 | D:3      | Identified a +0 morningstar
  2885 | D:3      | HP: 8/35 [quokka (3)]
  2889 | D:3      | HP: 3/35 [quokka (2)]
  3217 | D:3      | Identified a cursed -1 club
  3218 | D:3      | Identified a +1 dagger of electrocution
  3218 | D:3      | Identified a +2 robe of magic resistance
  3218 | D:3      | Noticed Jessica
  3227 | D:3      | Killed Jessica
  3227 | D:3      | Reached skill level 8 in Poison Magic
  3228 | D:3      | Reached XP level 6. HP: 40/41 MP: 5/9
  3251 | D:3      | Identified a +0 club
  3253 | D:3      | Identified a +0 club
  3253 | D:3      | Identified a cursed -1 chain mail
  3256 | D:3      | Identified a +0 hand axe
  3258 | D:3      | Identified a +0 flail
  3308 | D:3      | HP: 6/41 [orc priest/divine providence (13)]
  3358 | D:3      | Identified a +0 trident
  3358 | D:3      | Identified a cursed +0 leather armour
  3358 | D:3      | Identified a +0 ring mail
  3358 | D:3      | Identified a cursed -1 mace
  3358 | D:3      | Identified a +0 chain mail
  3358 | D:3      | Identified a +0 hand axe
  3360 | D:3      | HP: 9/41 [cloud of noxious fumes (2)]
  3361 | D:3      | Identified 4 potions of berserk rage
  3362 | D:3      | Identified a potion of might
  3362 | D:3      | HP: 2/41 [orc priest/cursed -1 mace (7)]
  3363 | D:3      | Identified a potion of heal wounds
  3695 | D:3      | Reached skill level 3 in Spellcasting
  3708 | D:3      | Identified a +0 dagger
  3761 | D:3      | Identified a +1 mace of draining (You found it on level 3
                  | of the Dungeon)
  3771 | D:3      | Identified a cursed -3 club
  3771 | D:3      | Identified a +0 leather armour
  3771 | D:3      | Identified a +0 whip
  3771 | D:3      | Identified a +0 club
  3771 | D:3      | Identified a +0 ring mail of fire resistance
  3771 | D:3      | Identified a +0 dagger
  3771 | D:3      | Identified a cursed +0 robe
  3771 | D:3      | Identified a +0 club
  3961 | D:3      | Identified a +0 dagger
  3961 | D:3      | Identified a +0 robe
  4113 | D:3      | Identified a +0 hand axe
  4119 | D:3      | Identified a +0 mace
  4119 | D:3      | Identified a +0 ring mail
  4121 | D:3      | Identified a +0 leather armour
  4128 | D:3      | Identified a +0 dagger
  4128 | D:3      | Identified a +0 robe
  4138 | D:3      | Reached skill level 4 in Spellcasting
  4349 | D:3      | Identified a cursed +0 leather armour
  4349 | D:3      | Identified a +0 mace
  4349 | D:3      | Identified a +0 scale mail
  4349 | D:3      | Identified a +0 ring mail
  4350 | D:3      | Identified a +0 dagger
  4569 | D:3      | Identified a +0 club
  4579 | D:3      | Reached XP level 7. HP: 40/46 MP: 13/13
  4595 | D:3      | Identified a +0 hunting sling
  4613 | D:3      | Identified a +0 hunting sling
  4619 | D:3      | Identified a +0 hunting sling
  4758 | D:3      | Identified a +0 dagger
  4758 | D:3      | Identified a +1 scale mail of positive energy
  4758 | D:3      | Noticed Ijyb
  4758 | D:3      | Identified a +0 dagger of flaming
  4758 | D:3      | Identified a +0 hunting sling
  4771 | D:3      | Killed Ijyb
  5367 | D:4      | Reached skill level 1 in Polearms
  5400 | D:4      | Found a staircase to the Ecumenical Temple.
  5410 | Temple   | Entered the Ecumenical Temple
  5417 | Temple   | Became a worshipper of Gozag Ym Sagoz the Greedy
  5438 | D:4      | Reached skill level 5 in Spellcasting
  5564 | D:4      | Learned a level 4 spell: Olgreb's Toxic Radiance
  5574 | D:4      | Identified a +0 flail
  5574 | D:4      | Identified a +0 dagger
  5574 | D:4      | Identified a +0 robe
  5576 | D:4      | Identified a +0 dagger
  5576 | D:4      | Identified a +0 robe
  5580 | D:4      | Identified a +0 trident
  5580 | D:4      | Identified a +0 scale mail
  5590 | D:4      | Reached skill level 2 in Polearms
  5598 | D:4      | Identified a +0 dagger
  5598 | D:4      | Identified a +0 robe
  5903 | D:4      | HP: 7/46 [phantom (5)]
  5911 | D:4      | Reached skill level 3 in Polearms
  5911 | D:4      | Reached XP level 8. HP: 31/52 MP: 14/16
  5940 | D:4      | Identified a +0 flail of holy wrath
  5940 | D:4      | Identified a +0 leather armour
  6052 | D:4      | Identified a +0 club
  6092 | D:4      | Identified a +0 short sword
  6322 | D:4      | Reached skill level 6 in Spellcasting
  6362 | D:4      | Identified a +0 hand axe
  6362 | D:4      | Identified a +2 robe of resistance
  6362 | D:4      | Noticed Blork the orc
  6369 | D:4      | Killed Blork the orc
  6472 | D:5      | Entered Level 5 of the Dungeon
  6519 | D:5      | Identified 5 scrolls of remove curse
  6522 | D:5      | Identified 5 scrolls of identify
  6522 | D:5      | Identified 3 scrolls of teleportation
  6523 | D:5      | Identified a scroll of immolation
  6524 | D:5      | Identified a scroll of fog
  6525 | D:5      | Identified a scroll of enchant armour
  6526 | D:5      | Identified a scroll of amnesia
  6711 | D:5      | Identified a potion of lignification
  6742 | D:5      | Reached skill level 4 in Polearms
  6775 | D:5      | Identified a potion of mutation
  6848 | D:5      | Found a radiant altar of Vehumet.
  6986 | D:5      | Identified a +0 giant club
  6993 | D:5      | Reached skill level 5 in Polearms
  6993 | D:5      | Reached skill level 7 in Spellcasting
  7023 | D:5      | Found a glowing drain.
  7035 | Sewer    | Entered a sewer
  7128 | Sewer    | Identified a +0 whip
  7128 | Sewer    | Identified a +0 dagger
  7128 | Sewer    | Identified a +0 dagger
  7143 | Sewer    | Reached XP level 9. HP: 41/57 MP: 16/19
  7298 | Sewer    | Identified a +0 whip
  7298 | Sewer    | Identified a +0 short sword
  7366 | Sewer    | Identified a +0 short sword
  7366 | Sewer    | Identified a +0 blowgun
  7450 | Sewer    | Identified a +0 blowgun
  7450 | Sewer    | Identified a +0 dagger
  7450 | Sewer    | Identified a +0 blowgun
  7450 | Sewer    | Identified a +0 short sword
  7450 | Sewer    | Identified a +0 dagger
  7693 | D:5      | Identified 3 potions of flight
  7892 | D:6      | Identified a cursed -1 shortbow
  8252 | D:6      | Identified a +0 trident
  8312 | D:6      | Reached skill level 6 in Polearms
  8360 | D:6      | Identified 3 potions of agility
  8517 | D:6      | Identified a cursed +2 long sword of freezing
  8517 | D:6      | Identified a +0 robe
  8517 | D:6      | Identified a +0 falchion
  8517 | D:6      | Identified a +0 robe
  8518 | D:6      | Identified a +5 dire flail
  8518 | D:6      | Identified a cursed +0 robe
  8580 | D:6      | Reached skill level 8 in Spellcasting
  8805 | D:6      | Identified a cursed +4 dire flail
  8805 | D:6      | Identified a +0 robe
  8805 | D:6      | Identified a +0 halberd
  8805 | D:6      | Identified a +0 robe
  9180 | D:6      | Identified a +0 pair of gloves (You found it on level 6 of
                  | the Dungeon)
  9911 | D:7      | Identified a +2 flail
  9911 | D:7      | Identified a +0 robe
 10137 | D:7      | Found a sacrificial altar of Ru.
 10150 | D:7      | Identified a cursed +4 dagger
 10150 | D:7      | Identified a +0 robe
 10150 | D:7      | Identified a +4 flail
 10150 | D:7      | Identified a +0 robe
 10163 | D:7      | Reached skill level 7 in Polearms
 10261 | D:7      | Identified a +0 shortbow
 11446 | D:7      | Reached skill level 9 in Spellcasting
 11552 | D:8      | Identified a +0 hand axe
 11552 | D:8      | Identified a +0 scale mail
 11553 | D:8      | Identified a +0 mace
 11555 | D:8      | Identified a +0 dagger
 11555 | D:8      | Identified a +0 robe
 11671 | D:8      | Identified a scroll of enchant weapon
 11854 | D:8      | Identified a +0 giant spiked club
 11865 | D:8      | Reached XP level 10. HP: 59/63 MP: 17/23
 11972 | D:8      | Identified a +0 giant club
 11993 | D:8      | Reached skill level 8 in Polearms
 12136 | D:8      | Found a bloodstained altar of Trog.
 12370 | D:9      | Identified a +0 halberd
 12370 | D:9      | Identified a +0 plate armour
 12370 | D:9      | Identified a +0 falchion
 12370 | D:9      | Identified a +0 leather armour
 12371 | D:9      | Identified a cursed -1 dagger
 12371 | D:9      | Identified a +0 leather armour
 12371 | D:9      | Identified a +0 dagger
 12371 | D:9      | Identified a cursed +0 robe
 12496 | D:9      | Reached skill level 10 in Spellcasting
 12676 | D:9      | Identified a ring of protection from cold (You found it on
                  | level 9 of the Dungeon)
 12958 | D:9      | Reached skill level 9 in Polearms
 13490 | D:9      | Found a blossoming altar of Fedhas.
 13851 | D:9      | Reached skill level 9 in Poison Magic
 14352 | D:9      | HP: 14/56 [wyvern zombie (11)]
 14607 | D:10     | Entered Level 10 of the Dungeon
 14607 | D:10     | Identified a cursed +0 dagger
 14607 | D:10     | Identified a +0 robe
 14607 | D:10     | Identified a +0 whip
 14607 | D:10     | Identified a +0 leather armour
 14607 | D:10     | Identified a +0 dagger
 14607 | D:10     | Identified a +0 robe
 14607 | D:10     | Identified a +0 dagger
 14607 | D:10     | Identified a +0 robe
 14607 | D:10     | Identified a +0 ring mail
 14826 | D:10     | Identified a +0 spear
 14826 | D:10     | Identified a +0 whip
 14836 | D:10     | Identified a +0 spear of freezing
 14999 | D:10     | Identified a +2 shortbow of flaming
 15041 | D:10     | Identified a +0 giant club
 15041 | D:10     | Identified a +0 giant club
 15041 | D:10     | Noticed a two-headed ogre
 15075 | D:10     | Killed a two-headed ogre
 15075 | D:10     | Reached skill level 10 in Polearms
 15075 | D:10     | Reached skill level 10 in Poison Magic
 15075 | D:10     | Reached XP level 11. HP: 52/68 MP: 18/25
 15186 | D:10     | Reached skill level 1 in Fighting
 15280 | D:10     | Found Diytatia's Distillery.
 15287 | D:10     | Identified a +0 giant club
 15299 | D:10     | Bought a potion of heal wounds for 70 gold pieces
 15299 | D:10     | Bought a potion of curing for 42 gold pieces
 15360 | D:10     | Gained mutation: You are partially covered in slimy green
                  | scales. (AC +2) [potion of mutation]
 15360 | D:10     | Gained mutation: You passively map a small area around you.
                  | [potion of mutation]
 15360 | D:10     | Gained mutation: You have sharp fingernails. [potion of
                  | mutation]
 15588 | D:10     | Reached skill level 2 in Fighting
 15589 | D:10     | Reached skill level 3 in Fighting
 15598 | D:10     | Reached skill level 4 in Fighting
 15825 | D:10     | Identified a +0 glaive
 15825 | D:10     | Identified a +0 chain mail
 15826 | D:10     | Identified a cursed -3 club
 15827 | D:10     | Identified a +0 club
 15829 | D:10     | Identified a +0 club
 15844 | D:10     | Reached skill level 5 in Fighting
 15984 | D:10     | Reached skill level 2 in Armour
 16002 | D:10     | Reached skill level 3 in Armour
 16142 | D:10     | Identified 2 potions of cancellation
 16264 | D:11     | Noticed a manticore
 16273 | D:11     | HP: 10/79 [manticore/volley of spikes (20)]
 16284 | D:11     | Killed a manticore
 16500 | D:11     | Identified a ring of see invisible (You found it on level
                  | 11 of the Dungeon)
 16504 | D:11     | Noticed a cyan ugly thing
 16598 | D:11     | Reached skill level 4 in Armour
 16857 | D:11     | Killed a cyan ugly thing
 16857 | D:11     | Reached skill level 5 in Armour
 17262 | D:11     | Found a staircase to the Lair.
 17275 | D:11     | Lost mutation: You have sharp fingernails. [potion of
                  | mutation]
 17275 | D:11     | Lost mutation: You passively map a small area around you.
                  | [potion of mutation]
 17275 | D:11     | Gained mutation: Armour fits poorly on your strangely
                  | shaped body. [potion of mutation]
 17275 | D:11     | Gained mutation: You are dopey. (Int -2) [potion of
                  | mutation]
 17275 | D:11     | Gained mutation: You are partially covered in icy blue
                  | scales. (AC +2) [potion of mutation]
 17285 | D:11     | Identified a +0 cloak (You found it on level 11 of the
                  | Dungeon)
 17402 | D:11     | You fall through a shaft!
 17433 | D:12     | Identified a +0 trident
 17433 | D:12     | Identified a +0 plate armour
 17433 | D:12     | Identified a +0 falchion
 17433 | D:12     | Identified a +0 scale mail
 17433 | D:12     | Identified a +0 trident
 17433 | D:12     | Identified a +1 mace of protection
 17433 | D:12     | Identified a cursed -1 leather armour
 17433 | D:12     | Identified a +2 mace of holy wrath
 17433 | D:12     | Identified a +0 chain mail
 17433 | D:12     | Identified a +0 flail
 17433 | D:12     | Identified a +0 club
 17433 | D:12     | Identified a +0 flail
 17433 | D:12     | Identified a +0 mace
 17433 | D:12     | Identified a +0 plate armour
 17433 | D:12     | Identified a +0 giant club
 17433 | D:12     | Identified a +0 whip
 17433 | D:12     | Identified a +0 giant club
 17433 | D:12     | Identified a +0 morningstar
 17433 | D:12     | Identified a +0 leather armour
 17433 | D:12     | Identified a +0 hand axe
 17433 | D:12     | Identified a +0 plate armour
 17433 | D:12     | Identified a +0 ring mail
 17433 | D:12     | Identified a +0 long sword
 17433 | D:12     | Identified a +0 chain mail
 17433 | D:12     | Identified a +0 club
 17433 | D:12     | Identified a +0 leather armour
 17433 | D:12     | Identified a +0 dire flail
 17433 | D:12     | Identified a +1 plate armour of fire resistance
 17433 | D:12     | Identified a +0 flail
 17433 | D:12     | Identified a +0 chain mail
 17433 | D:12     | Identified a +0 club
 17433 | D:12     | Identified a +0 short sword
 17433 | D:12     | Identified a +2 dire flail of draining
 17433 | D:12     | Identified a +0 plate armour
 17438 | D:12     | Identified a +1 dire flail of holy wrath
 17438 | D:12     | Identified a +0 plate armour
 17441 | D:12     | Identified a +0 mace
 17441 | D:12     | Identified a +0 plate armour
 17442 | D:12     | Reached skill level 6 in Armour
 17600 | D:12     | Found a roughly hewn altar of Beogh.
 17664 | D:12     | Noticed a seven-headed hydra
 17694 | D:12     | Identified a +0 giant club
 17708 | D:12     | Reached skill level 7 in Armour
 17872 | D:11     | Reached skill level 2 in Dodging
 17987 | D:6      | Bought a book of Geomancy for 490 gold pieces
 17987 | D:6      | Bought a book of Battle for 560 gold pieces
 18065 | D:10     | Bought a potion of mutation for 112 gold pieces
 18065 | D:10     | Bought a potion of mutation for 112 gold pieces
 18065 | D:10     | Lost mutation: Armour fits poorly on your strangely shaped
                  | body. [potion of mutation]
 18065 | D:10     | Lost mutation: You are partially covered in icy blue
                  | scales. (AC +2) [potion of mutation]
 18065 | D:10     | Gained mutation: You have sharp toenails. [potion of
                  | mutation]
 18065 | D:10     | Gained mutation: You are agile. (Dex +2) [potion of
                  | mutation]
 18066 | D:10     | Lost mutation: You are dopey. (Int -2) [potion of mutation]
 18066 | D:10     | Lost mutation: You are agile. (Dex +2) [potion of mutation]
 18066 | D:10     | Gained mutation: You have very sharp teeth. [potion of
                  | mutation]
 18066 | D:10     | Gained mutation: You are dopey. (Int -2) [potion of
                  | mutation]
 18066 | D:10     | Gained mutation: You are clumsy. (Dex -2) [potion of
                  | mutation]
 18066 | D:10     | Gained mutation: Your system is resistant to poisons.
                  | (rPois) [potion of mutation]
 18098 | D:11     | Learned a level 2 spell: Passwall
 18102 | D:11     | Learned a level 3 spell: Spectral Weapon
 18108 | D:11     | Learned a level 5 spell: Lee's Rapid Deconstruction
 18163 | D:11     | Reached skill level 1 in Hexes
 18338 | D:11     | Noticed an eight-headed hydra
 18541 | D:11     | Identified a cursed +0 great sword
 18541 | D:11     | Identified a cursed +0 robe
 18541 | D:11     | Identified a +2 hand axe
 18541 | D:11     | Identified a cursed +0 robe
 18541 | D:11     | Identified a +0 flail
 18541 | D:11     | Identified a +0 robe
 18541 | D:11     | Identified a +2 halberd
 18541 | D:11     | Identified a +0 robe
 18548 | D:11     | Reached skill level 2 in Hexes
 18661 | D:11     | Identified a cursed +3 war axe
 18661 | D:11     | Identified a +0 robe
 18788 | D:11     | Reached skill level 3 in Hexes
 19207 | D:12     | Reached XP level 12. HP: 85/85 MP: 18/26
 19217 | D:12     | Reached skill level 4 in Hexes
 19378 | D:12     | You fall through a shaft for 3 floors!
 19378 | D:15     | Entered Level 15 of the Dungeon
 19378 | D:15     | Identified a +0 long sword
 19378 | D:15     | Identified a +0 chain mail
 19379 | D:15     | Identified a +0 battleaxe
 19379 | D:15     | Identified a +0 plate armour
 19379 | D:15     | Identified a +0 dagger
 19391 | D:15     | Reached skill level 1 in Charms
 19393 | D:15     | Reached skill level 2 in Charms
 19447 | D:15     | Identified a scroll of magic mapping
 19465 | D:15     | Noticed a six-headed hydra
 19465 | D:15     | Identified a +0 short sword
 19466 | D:15     | Reached skill level 3 in Charms
 19471 | D:15     | Identified a +0 flail
 19471 | D:15     | Identified a +0 chain mail
 19473 | D:15     | Identified a +0 short sword
 19580 | D:14     | Identified a +3 scimitar of flaming
 19611 | D:14     | Reached skill level 4 in Charms
 19615 | D:14     | Identified a scroll of vulnerability
 19616 | D:14     | Identified a scroll of noise
 19617 | D:14     | Identified a scroll of torment
 19816 | D:15     | Found Ladaowic's General Store.
 19816 | D:15     | Identified a +0 whip
 19816 | D:15     | Identified a +0 robe
 19816 | D:15     | Noticed an ogre mage
 19816 | D:15     | Identified a +0 giant spiked club
 19816 | D:15     | Identified a +0 dire flail
 19816 | D:15     | Noticed a two-headed ogre
 19816 | D:15     | Identified a +0 giant club
 19816 | D:15     | Identified a +0 giant club
 19816 | D:15     | Noticed a two-headed ogre
 19816 | D:15     | Identified a +0 giant club
 19816 | D:15     | Identified a +0 giant spiked club
 19816 | D:15     | Noticed a two-headed ogre
 19818 | D:15     | Identified a +0 giant club
 19818 | D:15     | Identified a +0 giant club
 19818 | D:15     | Noticed a two-headed ogre
 19829 | D:15     | Killed a two-headed ogre
 19829 | D:15     | Reached skill level 3 in Earth Magic
 19829 | D:15     | Killed an ogre mage
 19829 | D:15     | Reached skill level 4 in Earth Magic
 19830 | D:15     | Killed a two-headed ogre
 19830 | D:15     | Reached skill level 6 in Earth Magic
 19832 | D:15     | Killed a two-headed ogre
 19834 | D:15     | Killed a two-headed ogre
 19834 | D:15     | Reached skill level 7 in Earth Magic
 19877 | D:15     | Found Nesusuar's Antique Weapon Boutique.
 19884 | D:15     | Found Hitysh's Assorted Antiques.
 19976 | D:15     | Reached skill level 8 in Earth Magic
 20018 | D:14     | Identified a +0 shortbow
 20022 | D:14     | HP: 21/85 [centaur/arrow (4)]
 20023 | D:14     | HP: 10/85 [centaur/arrow (11)]
 20033 | D:14     | Identified a +0 dire flail
 20033 | D:14     | Identified a +0 giant spiked club
 20033 | D:14     | Noticed a two-headed ogre
 20034 | D:14     | Noticed a six-headed hydra
 20380 | D:14     | Identified a +0 short sword
 20380 | D:14     | Identified a +2 chain mail of magic resistance
 20383 | D:14     | Identified a cursed -1 short sword
 20383 | D:14     | Identified a cursed +0 chain mail
 20643 | D:14     | Identified a +0 hunting sling
 20657 | D:14     | Identified a cursed -2 short sword
 20657 | D:14     | Identified a +0 leather armour
 20700 | D:13     | Identified a +0 pair of boots (You found it on level 11 of
                  | the Dungeon)
 20728 | D:13     | Identified a +0 shortbow
 20732 | D:13     | Noticed an unseen horror
 20748 | D:13     | Killed an unseen horror
 20748 | D:13     | Reached skill level 3 in Dodging
 20916 | D:13     | Identified a +0 long sword
 20916 | D:13     | Identified a +0 chain mail
 20916 | D:13     | Identified a +0 shield
 20916 | D:13     | Noticed a vault guard
 20916 | D:13     | Identified a +0 scimitar
 20916 | D:13     | Noticed a deep elf knight
 20937 | D:13     | Identified a cursed +0 halberd
 20937 | D:13     | Identified a +0 robe
 20952 | D:13     | Identified a cursed -3 whip
 20954 | D:13     | Identified a +0 dagger of venom
 20954 | D:13     | Identified a +0 robe
 20954 | D:13     | Identified a +0 whip
 20956 | D:13     | Identified a +0 dagger
 20956 | D:13     | Identified a +0 robe
 20988 | D:13     | Reached skill level 9 in Earth Magic
 21132 | D:13     | Identified a +0 battleaxe
 21132 | D:13     | Identified a +0 robe
 21144 | D:13     | Identified a cursed +0 flail
 21144 | D:13     | Identified a +0 robe
 21152 | D:13     | Found a frozen archway.
 21154 | D:13     | Noticed an ice dragon
 21162 | D:13     | Reached XP level 13. HP: 78/90 MP: 11/27
 21166 | D:13     | Reached skill level 10 in Earth Magic
 21186 | IceCv    | Entered an ice cave
 21734 | IceCv    | Reached skill level 6 in Fighting
 21909 | IceCv    | Reached skill level 7 in Fighting
 22296 | IceCv    | Noticed an ice dragon
 22296 | IceCv    | Noticed an ice dragon
 22537 | IceCv    | HP: 22/96 [ice dragon (5)]
 22539 | IceCv    | HP: 3/96 [ice dragon (10)]
 22540 | IceCv    | Killed from afar by an ice dragon

Table legend:
 A = Turns spent in this place as a percentage of turns spent in the entire game.
 B = Non-inter-level travel turns spent in this place as a percentage of non-inter-level travel turns spent in the entire game.
 C = Inter-level travel turns spent in this place as a percentage of turns spent in this place.
 D = Turns resting spent in this place as a percentage of non-inter-level travel turns spent in this place.
 E = Turns spent auto-exploring this place as a percentage of non-inter-level travel turns spent in this place.
 F = Non-inter-level travel turns spent in this place divided by the number of levels of this place that you've seen.
                   A       B       C       D       E      F
               +-------+-------+-------+-------+-------+----------------------
         Total | 100.0 | 100.0 |   3.1 |  12.1 |  66.1 | 1213.1
       Dungeon |  91.3 |  91.0 |   3.4 |   9.9 |  68.9 | 1325.0
        Temple |   0.1 |   0.1 |   0.0 |   0.0 |   0.0 |  17.0
         Sewer |   2.6 |   2.7 |   0.0 |   0.0 |  71.9 | 590.0
      Ice Cave |   6.0 |   6.2 |   0.0 |  51.2 |  22.1 | 1354.0
               +-------+-------+-------+-------+-------+----------------------

Table legend:
 A = Kills in this place as a percentage of kills in entire the game.
 B = Kills by you in this place as a percentage of kills by you in the entire game.
 C = Kills by friends in this place as a percentage of kills by friends in the entire game.
 D = Other kills in this place as a percentage of other kills in the entire game.
 E = Experience gained in this place as a percentage of experience gained in the entire game.
 F = Experience gained in this place divided by the number of levels of this place that you have seen.
                   A       B       C       D       E      F
               +-------+-------+-------+-------+-------+----------------------
         Total | 100.0 | 100.0 |   N/A | 100.0 | 100.0 | 1769.2
       Dungeon |  89.9 |  89.8 |   N/A | 100.0 |  88.6 | 1881.8
         Sewer |   5.8 |   5.8 |   N/A |   0.0 |   0.5 | 161.0
      Ice Cave |   4.3 |   4.4 |   N/A |   0.0 |  10.9 | 3458.0
               +-------+-------+-------+-------+-------+----------------------

Skill      XL: |  1  2  3  4  5  6  7  8  9 10 11 12 13 |
---------------+----------------------------------------+-----
Poison Magic   | 5 6 7 8 10 | 10.3
Spellcasting   | 4 5 7 9 10 | 10.0
Polearms       | 3 5 7 10 | 10.0
Fighting       | 5 7 |  7.5
Armour         | 7 |  7.2
Dodging        | 2 3 |  3.6
Hexes          | 3 4 |  4.1
Charms         | 4 |  4.0
Earth Magic    | 9 10 | 10.3
Stealth        | |  2.4
Conjurations   | |  0.8

Action                   |  1- 3 |  4- 6 |  7- 9 | 10-12 | 13-15 || total
-------------------------+-------+-------+-------+-------+-------++-------
Melee: Unarmed           |    21 |       |       |       |       ||    21
       Short sword       |    54 |    61 |       |       |       ||   115
       Morningstar       |       |    68 |       |       |       ||    68
       Dagger            |       |    40 |   383 |   499 |   161 ||  1083
       Mace              |       |    11 |       |       |       ||    11
       Trident           |       |       |     1 |       |       ||     1
       Halberd           |       |       |       |    20 |       ||    20
       Kick              |       |       |       |    47 |       ||    47
       Bite              |       |       |       |    23 |    13 ||    36
       Spear             |       |       |       |    27 |       ||    27
 Cast: Sting             |    31 |    21 |       |       |       ||    52
       Poisonous Vapours |       |    35 |    92 |    94 |     4 ||   225
       Mephitic Cloud    |       |     1 |     1 |     6 |       ||     8
       Olgreb's Toxic Ra |       |       |     9 |    42 |       ||    51
       Spectral Weapon   |       |       |       |     4 |     3 ||     7
       Lee's Rapid Decon |       |       |       |       |     9 ||     9
Invok: Call Merchant     |       |       |     1 |       |       ||     1
       Potion Petition   |       |       |       |       |     1 ||     1
 Abil: Dig               |       |       |       |     7 |     3 ||    10
Evoke: Wand              |       |       |     2 |     8 |       ||    10
  Use: Potion            |       |     3 |     3 |    15 |     1 ||    22
       Scroll            |       |       |    11 |     6 |       ||    17
 Stab: Sleeping          |     2 |       |     2 |     4 |       ||     8
       Distracted        |       |       |     2 |     2 |     1 ||     5
       Paralysed         |       |       |       |     7 |       ||     7
       Confused          |       |       |       |     2 |       ||     2
  Eat: Chunk             |     6 |    18 |     3 |       |       ||    27
       Ration            |       |       |     4 |    10 |     2 ||    16
Armor: Robe              |    10 |    45 |    73 |   145 |    62 ||   335
       Skin              |       |       |     7 |       |       ||     7
Dodge: Dodged            |    47 |   143 |   224 |   298 |    97 ||   809

Vanquished Creatures
  An ogre mage (D:15)
  5 two-headed ogres
  An unseen horror (D:13)
  An orc knight (D:15)
  2 ugly things
  A manticore (D:11)
  2 ice statues (IceCv)
  2 kobold demonologists (D:13)
  2 rime drakes (IceCv)
  A redback zombie (D:15)
  An efreet (D:14)
  A troll (D:12)
  3 polar bears (D:13)
  3 hippogriffs
  A shadow (D:11)
  A centaur simulacrum (D:14)
  A wyvern (D:15)
  A wraith (D:11)
  11 yaks
  2 hungry ghosts
  3 black bears
  17 ice beasts
  A hornet zombie (D:11)
  3 phantoms
  3 sky beasts
  13 orc warriors
  7 ogres
  6 necrophages
  3 boggarts (D:15)
  A wolf (D:13)
  5 centaurs
  2 big kobolds
  A crocodile (D:9)
  Blork the orc (D:4)
  10 bullfrogs
  A water moccasin zombie (D:7)
  A wyvern zombie (D:9)
  4 scorpions
  A wyvern skeleton (D:10)
  4 killer bees (D:9)
  14 wights
  4 howler monkeys
  5 electric eels (D:7)
  5 crimson imps
  A lava snake (D:12)
  4 centaur zombies
  A bullfrog zombie (D:12)
  2 quasits (D:11)
  6 hounds
  5 orc priests
  2 centaur skeletons (D:11)
  A bullfrog skeleton (D:13)
  4 jellies
  Ijyb (D:3)
  Jessica (D:3)
  2 iguanas
  11 orc wizards
  7 worker ants
  A killer bee zombie (D:9)
  2 hound skeletons
  2 howler monkey zombies (D:6)
  3 gnolls (D:10)
  16 adders
  8 oozes
  An adder skeleton (D:9)
  2 adder zombies
  A worm (D:2)
  10 dart slugs
  3 leopard geckos
  49 orcs
  6 bats
  5 giant cockroaches
  16 goblins
  15 hobgoblins
  3 jackals (D:3)
  23 kobolds
  9 quokkas
  8 ball pythons
  10 frilled lizards
  A goblin zombie (D:12)
  A leopard gecko skeleton (D:6)
  An orc zombie (D:12)
  10 rats
  A bush (D:9)
413 creatures vanquished.

Vanquished Creatures (others)
  A worker ant (D:5)
  2 dart slugs (D:7)
  A bush (D:9)
  10 plants (D:9)
  2 spectral weapons
16 creatures vanquished.

Grand Total: 429 creatures vanquished
